 Dungeon Crawl Stone Soup version 0.27.1 (webtiles) character file.

Game seed: 6373897833464996261

77 sanka the Distorting Palentonga (level 4, -1/37 HPs)
             Began as a Palentonga Abyssal Knight on Aug 26, 2021.
             Was a Believer of Lugonu.
             Succumbed to a water moccasin's poison
             ... on level 3 of the Dungeon.
             The game lasted 00:02:14 (1481 turns).

sanka the Distorting Palentonga (PaAK)              Turns: 1481, Time: 00:02:15

Health: -1/37      AC:  5    Str: 16    XL:     4   Next: 14%
Magic:  7/7        EV:  8    Int: 12    God:    Lugonu [**....]
Gold:   66         SH:  3    Dex: 10    Spells: 3/3 levels left

rFire    . . .     SeeInvis +   a - +1 hand axe
rCold    . . .     Faith    .   h - +0 buckler
rNeg     . . .     Spirit   .   b - +0 leather armour
rPois    .         Reflect  .   f - +0 helmet
rElec    .         Harm     .   (no cloak)
rCorr    .         Rampage  .   (no gloves)
Will     .....                  (no barding)
Stlth    +.........             e - amulet of the acrobat
HPRegen  0.12/turn              (no ring)
MPRegen  0.10/turn              (no ring)

@: brilliant, lethally poisoned (-1 -> -17), very slightly contaminated, hasted,
invisible, very quick
A: large, rugged brown scales 3, see invisible, deformed body, roll 1, armoured
tail
a: Rolling Charge, Renounce Religion, Depart the Abyss, Bend Space


You were on level 3 of the Dungeon.
You worshipped Lugonu.
Lugonu was pleased with you.
You visited 1 branch of the dungeon, and saw 4 of its levels.
You visited the Abyss 1 time.

You collected 66 gold pieces.


Innate Abilities, Weirdness & Mutations

You are completely covered in rugged brown scales. (AC +3, +7% HP)
You have supernaturally acute eyesight. (SInv)
Armour fits poorly on your strangely shaped body.
You can roll at nearby foes to attack.
You have a long armoured tail.


   Skills:
 - Level 3.0 Fighting
 - Level 2.0 Axes
 - Level 1.5 Armour
 - Level 0.7 Dodging
 + Level 4.8 Invocations


You had 3 spell levels left.
You didn't know any spells.
Your spell library was empty.

Inventory:

Hand Weapons
 a - a +1 hand axe (weapon)
Armour
 b - a +0 leather armour (worn)
 f - a +0 helmet (worn)
 h - a +0 buckler (worn)
Jewellery
 e - an amulet of the acrobat (around neck)
Scrolls
 g - a scroll of noise {unknown}
 i - a scroll of enchant weapon {unknown}
 k - a scroll of immolation {unknown}
Potions
 d - 2 potions of haste {@q3}

Dungeon Overview and Level Annotations

Branches:
Dungeon (4/15)
 Temple: D:4-7

Altars:
Ashenzari

▒▒▒▒........▒
▒▒..)........▒
...▒▒...▒▒▒▒.▒▒
..▒▒▒.▒▒▒▒▒▒..▒▒
....▒..........▒
....▒..........▒
..<............▒▒▒▒
....▒▒.........)..▒
....▒▒..........H.▒
....▒▒..........S.▒
...>▒▒............▒
..£.▒..▒▒▒▒▒▒▒▒<..▒
.▒▒▒..▒▒ ▒...▒ .
▒.▒ ▒...▒ .. ▒.▒▒▒
▒▒▒ ▒.


You could see a water moccasin.


Message History

You hit the hobgoblin.
You kill the hobgoblin!
Lugonu accepts your kill.
* * * LOW HITPOINT WARNING * * *
You feel very sick. The water moccasin closely misses you.
The hobgoblin hits you but does no damage.
You barely miss the water moccasin.
The water moccasin is heavily wounded.
You hit the hobgoblin.
* * * LOW HITPOINT WARNING * * *
You feel sick. The water moccasin bites you.
* * * LOW HITPOINT WARNING * * *
You are more poisoned.
The water moccasin poisons you! The hobgoblin barely misses you.
The water moccasin bites you but does no damage.
You catch the helpless water moccasin completely off-guard!
You slash the water moccasin!
The water moccasin is severely wounded.
You hit the hobgoblin.
You kill the hobgoblin!
Lugonu accepts your kill.
* * * LOW HITPOINT WARNING * * *
You feel very sick.
You strike the helpless water moccasin from behind!
You hit the water moccasin.
The water moccasin is almost dead.
You die...

Action                   |  1- 3 |  4- 6 || total
-------------------------+-------+-------++-------
Melee: Hand axe          |    84 |    13 ||    97
       Tailslap          |     4 |       ||     4
 Abil: Rolling Charge    |       |     2 ||     2
  Use: Potion            |     1 |     2 ||     3
 Stab: Invisible         |       |     4 ||     4
Armor: Leather armour    |    37 |     5 ||    42
Dodge: Dodged            |    41 |     6 ||    47
Block: Buckler           |     3 |     2 ||     5

Levels and vault maps discovered:
D:1:      shiori_arrival_elements, layout_basic,
          ebering_ecumenical_altar_petrified
D:2:      layout_basic, basic_altar, skrybe_limestone_x, cheibrodos_gnoll_hut
D:3:      layout_rooms, portal_sewer_entry_a
D:4:      layout_cave_pools

Notes
Turn   | Place    | Note
-------+----------+-------------------------------------------
     0 | Abyss:1  | sanka the Palentonga Abyssal Knight began the quest for the
                  | Orb.
     0 | Abyss:1  | Reached XP level 1. HP: 19/19 MP: 2/2
    27 | D:1      | Escaped the Abyss
   252 | D:1      | Reached XP level 2. HP: 24/25 MP: 4/4
   254 | D:1      | Reached skill level 3 in Invocations
   385 | D:1      | Found a faded altar of an unknown god.
  1050 | D:2      | Reached XP level 3. HP: 11/31 MP: 5/5
  1277 | D:2      | Reached ** piety under Lugonu
  1289 | D:2      | Reached skill level 4 in Invocations
  1338 | D:2      | Found a broken altar of Ashenzari.
  1447 | D:3      | Noticed a water moccasin
  1454 | D:3      | Reached XP level 4. HP: 36/37 MP: 7/7
  1480 | D:3      | HP: 2/37 [poisoned by a water moccasin]
  1481 | D:3      | Succumbed to a water moccasin's poison

Vanquished Creatures
  A hound (D:3)
  An adder (D:2)
  A dart slug (D:1)
  5 ball pythons
  4 bats (D:1)
  2 endoplasms (D:1)
  3 giant cockroaches
  3 goblins
  2 hobgoblins (D:3)
  2 jackals (D:1)
  A quokka (D:4)
  A frilled lizard (D:1)
  4 kobolds
  3 rats
33 creatures vanquished.
